 Dungeon Crawl Stone Soup version 0.31-a0-986-g5e6e4ef867 (webtiles) character file.

Game seed: 10489245092368354986

2260 Persephone the Cleaver (level 9, 0/74 HPs)
             Began as a Minotaur Monk on Nov 7, 2023.
             Was an Initiate of Gozag.
             Slain by a wight
             ... wielding a +0 falchion
              (6 damage)
             ... on level 7 of the Dungeon.
             The game lasted 00:08:24 (4957 turns).

Persephone the Cleaver (Minotaur Monk)              Turns: 4957, Time: 00:08:25

Health: 0/74       AC: 17    Str: 19    XL:     9   Next: 15%
Magic:  8/8        EV:  5    Int:  7    God:    Gozag
Gold:   792        SH: 11    Dex: 14    Spells: 8/8 levels left

rFire   . . .        a - +0 hand axe (protect)
rCold   . . .        g - +3 kite shield
rNeg    . . .        y - +0 plate armour
rPois   .            (helmet restricted)
rElec   .            (no cloak)
rCorr   +            (no gloves)
SInv    +            (no boots)
Will    .....        (no amulet) Stlth
                     h - ring of resist corrosion
HPRegen 0.32/turn    q - ring of see invisible
MPRegen 0.11/turn

%: no passive effects
@: gold aura, under a protective aura, invisible
A: horns 2, retaliatory headbutt
a: Renounce Religion, Potion Petition, Call Merchant, Bribe Branch


You were on level 7 of the Dungeon.
You worshipped Gozag.
Gozag was pleased with you.
You visited 1 branch of the dungeon, and saw 8 of its levels.
You also visited: Sewer.

You collected 792 gold pieces.

Inventory:

Hand Weapons
 a - a +0 hand axe of protection (weapon)
Missiles
 n - 22 poisoned darts
Armour
 g - a +3 kite shield (worn)
 i - the +1 chain mail of Barhen {rPois rC+ rN+ Str+2}
   (You found it on level 7 of the Dungeon)

   Str+2:     It affects your strength (+2).
   rC+:       It protects you from cold.
   rPois:     It protects you from poison rN+: It protects you from negative
   energy.
 l - a +0 tower shield
 y - a +0 plate armour (worn)
Jewellery
 h - a ring of resist corrosion (left hand)
 q - a ring of see invisible (right hand)
Wands
 c - a wand of polymorph (9)
 v - a wand of flame (9)
Scrolls
 d - 2 scrolls of enchant armour
 f - 2 scrolls of revelation
 j - a scroll of acquirement {unknown}
 k - 2 scrolls of teleportation
 r - a scroll of fear {unknown}
 t - a scroll of immolation {unknown}
 w - a scroll of torment {unknown}
 x - a scroll of fog {unknown}
Potions
 b - a potion of cancellation
 p - a potion of invisibility
 s - a potion of haste {unknown}
 u - a potion of magic {unknown}


   Skills:
 * Level 5.0 Fighting
 - Level 14.0 Axes
 + Level 2.1 Armour
 - Level 3.2 Dodging
 + Level 2.1 Shields


You had 8 spell levels left.
You didn't know any spells.
Your spell library contained the following spells:

 Spells                   Type           Power      Damage    Failure   Level
 Necrotise                Necr           0%         1d4       100%        1
 Blink                    Tloc           0%         N/A       100%        2
 Lesser Beckoning         Tloc           0%         N/A       100%        2
 Momentum Strike          Conj/Tloc      0%         3d8       100%        2
 Ozocubu's Armour         Ice            0%         N/A       100%        3
 Vampiric Draining        Necr           0%         2d6       100%        3
 Agony                    Necr           0%         N/A       100%        5
 Alistair's Intoxication  Tmut/Pois      0%         N/A       100%        5
 Borgnjor's Vile Clutch   Necr/Erth      0%         N/A       100%        5
 Metabolic Englaciation   Hex/Ice        0%         N/A       100%        5
 Eringya's Noxious Bog    Tmut/Pois      0%         4d6       100%        6
 Simulacrum               Ice/Necr       Unusable   N/A       N/A         6

Dungeon Overview and Level Annotations

Branches:
Dungeon (8/15)             Temple (0/1) D:5           Sewer (visited)
   Lair: D:8-11

Altars:
Gozag

Shops:
D:3 :

Annotations:
D:7 Joseph


Innate Abilities, Weirdness & Mutations

You have a pair of horns on your head.
You reflexively headbutt those who attack you in melee.


Message History

You hit Duvessa but do no damage. You headbutt Duvessa.
Duvessa is almost dead.
Duvessa says, "Where magic fails, the sword succeeds!"
Duvessa zaps a wand.
The puff of flame hits you but does no damage.
You hit Duvessa but do no damage. You headbutt Duvessa.
Duvessa is almost dead.
You completely miss Dowan. Dowan hits you but does no damage.
Duvessa barely misses you.
You hit Duvessa.
Duvessa is almost dead.
You hit Dowan but do no damage.
Duvessa zaps a wand.
The puff of flame hits you!
* * * LOW HITPOINT WARNING * * *
Dowan points at you and mumbles some strange words.
You easily resist.
You hit Duvessa.
You kill Duvessa!
Dowan seems overcome with grief.
You catch the helpless wight completely off-guard!
You hit the wight but do no damage. You slash Dowan!
Your Shields skill increases to level 2!
You strike the helpless Dowan from behind!
You hit Dowan. You headbutt Dowan!
You kill Dowan!
You hit the wight but do no damage. The wight hits you with a +0 falchion.
* * * LOW HITPOINT WARNING * * *
You feel drained.
Your life force feels restored.
Your Fighting skill increases to level 5!
Your Armour skill increases to level 2!
You hit the wight but do no damage. You headbutt the wight.
The wight is heavily damaged.
The wight hits you with a +0 falchion.
* * * LOW HITPOINT WARNING * * *
You hit the wight.
The wight is almost destroyed.
The wight hits you with a +0 falchion.
You die...
Your body crumbles into a pile of gold.

......##....... #.h#
..##.## #.........##.
#55# #.##)# ##.......#.
#h|# .....# ###........#
##z$# .....##
...........# #..#
......##.##........ ....#
#..#.....###......
.........
..##....###.....z#
........#
.###....##.....$@##
.....###.#
###....###......$.#
.....# ..
##.....###.......##
#.....
#.##.....#......###
#....#
..##....##........##$..#
........##.........$$..#
...................$$..#
#.#.....................#
####..)............##.###


You could see a wight (unable to see you).

Vanquished Creatures
  A water moccasin (D:7)
  Duvessa (D:7)
  An orc warrior (D:7)
  An ice beast (D:5)
  A black bear (D:5)
  A sky beast (D:7)
  Pargi (Sewer)
  3 ogres
  A phantom (D:4)
  3 scorpions
  4 bullfrogs
  3 wights (D:7)
  Dowan (D:7)
  A howler monkey (D:5)
  3 hounds
  A jelly (D:4)
  4 orc priests
  Ijyb (D:3)
  3 iguanas
  2 sleepcaps
  2 orc wizards
  5 adders
  2 white imps (D:5)
  A worm (D:5)
  3 dart slugs
  17 orcs
  8 ball pythons
  7 endoplasms
  4 giant cockroaches
  11 goblins
  6 hobgoblins
  3 jackals (D:1)
  3 quokkas
  5 bats
  9 frilled lizards
  7 kobolds
  6 rats
136 creatures vanquished.

Notes
Turn   | Place    | Note
-------+----------+-------------------------------------------
     0 | D:1      | Persephone the Minotaur Monk began the quest for the Orb.
     0 | D:1      | Reached XP level 1. HP: 19/19 MP: 0/0
    33 | D:1      | Reached skill level 4 in Axes
   151 | D:1      | Reached XP level 2. HP: 23/26 MP: 1/1
   563 | D:1      | Reached skill level 5 in Axes
   671 | D:1      | Reached XP level 3. HP: 26/31 MP: 2/2
  1928 | D:3      | Found an opulent altar of Gozag.
  1935 | D:3      | Reached skill level 6 in Axes
  1935 | D:3      | Reached XP level 4. HP: 39/39 MP: 3/3
  1994 | D:3      | Became a worshipper of Gozag Ym Sagoz the Greedy
  2057 | D:3      | Found Keschallom's Book Shoppe.
  2245 | D:3      | Noticed Ijyb
  2298 | D:3      | Killed Ijyb
  2359 | D:3      | Reached XP level 5. HP: 45/45 MP: 4/4
  2445 | D:3      | Reached skill level 7 in Axes
  2766 | D:4      | Noticed an ogre
  2776 | D:4      | Killed an ogre
  2777 | D:4      | Reached skill level 8 in Axes
  2777 | D:4      | Reached XP level 6. HP: 51/51 MP: 5/5
  2794 | D:4      | Reached skill level 9 in Axes
  3048 | D:4      | Reached XP level 7. HP: 56/57 MP: 6/6
  3235 | D:5      | Entered Level 5 of the Dungeon
  3244 | D:5      | Reached skill level 10 in Axes
  3327 | D:5      | Found a glowing drain.
  3353 | Sewer    | Entered a sewer
  3434 | Sewer    | Noticed Pargi
  3450 | Sewer    | Killed Pargi
  3534 | D:5      | Found a staircase to the Ecumenical Temple.
  3849 | D:5      | Reached skill level 11 in Axes
  4139 | D:5      | Reached XP level 8. HP: 64/64 MP: 7/7
  4255 | D:5      | Reached skill level 12 in Axes
  4540 | D:6      | You fall into a shaft and drop 2 floors!
  4569 | D:7      | Noticed Joseph
  4596 | D:7      | Reached skill level 13 in Axes
  4606 | D:7      | Noticed Duvessa
  4680 | D:7      | Reached skill level 14 in Axes
  4685 | D:7      | Identified the +1 chain mail of Barhen {rPois rC+ rN+
                  | Str+2}
  4916 | D:7      | Reached skill level 1 in Armour
  4916 | D:7      | Reached skill level 1 in Shields
  4916 | D:7      | Reached XP level 9. HP: 30/71 MP: 8/8
  4938 | D:7      | Noticed Dowan
  4954 | D:7      | Killed Duvessa
  4955 | D:7      | Killed Dowan
  4956 | D:7      | Reached skill level 5 in Fighting
  4957 | D:7      | Slain by a wight

Illustrated notes

Levels and vault maps discovered:
D:1:      dpeg_arrival_central, layout_basic, columned_hall_lemuel,
          hangedman_abyss_or_decor_lesser_grid
D:2:      minmay_chambers_of_ones, layout_basic, serial_co_window_serial,
          co_window_paths_a, co_window_of_opportunity_a, co_window_paths_a,
          co_window_corner_a, co_window_of_opportunity_a, co_window_2corner,
          co_window_paths_c, co_window_corner_b, co_window_broadway_c,
          glass_columns_b, glass_columns_c
D:3:      layout_basic, mainiacjoe_overflow_concentric_impassable, serial_shops,
          nicolae_diamond_shop, chequers_serial_rivers_micro_c, uniq_ijyb
D:4:      layout_cave_pools
D:5:      layout_basic, temple_fountains, enter_ossuary_1,
          cheibrodos_sewer_entry_sluice
D:6:      layout_loops_cross, grunt_dithmenos_smoke_and_mirrors, uniq_maggie
D:7:      layout_cave_pools, slow_altar_2, uniq_joseph, uniq_duvessa
D:8:      layout_cave_pools, mainiacjoe_overflow_alcove_4,
          lemuel_blue_sif_altar, minmay_lair_entry_grove, serial_undead,
          serial_undead_f, serial_undead_e, serial_undead_b, serial_undead_c

Skill      XL: |  1  2  3  4  5  6  7  8  9 |
---------------+----------------------------+-----
Axes           | 4 5 6 8 9 11 14 | 14.0
Fighting       | 4 5 |  5.0
Armour         | 1 2 |  2.1
Shields        | 1 2 |  2.1
Dodging        | |  3.2

Action                     |  1- 3 |  4- 6 |  7- 9 || total
---------------------------+-------+-------+-------++-------
  Melee: Hand axe          |    89 |   102 |   223 ||   414
         Headbutt          |    10 |    11 |    64 ||    85
         Unarmed           |       |    23 |       ||    23
  Throw: Boomerang         |    31 |    61 |    51 ||   143
    Use: Potion            |       |     2 |     4 ||     6
         Scroll            |       |       |    14 ||    14
   Stab: Invisible         |       |       |     6 ||     6
 Armour: Robe              |    12 |       |       ||    12
         Chain mail        |    25 |    40 |    52 ||   117
         Leather armour    |     6 |       |       ||     6
         Skin              |       |    37 |       ||    37
         Plate armour      |       |       |    71 ||    71
  Dodge: Dodged            |    21 |    62 |    32 ||   115
  Block: Kite shield       |    30 |    51 |   100 ||   181

Table legend: (Time is in decaauts)
 A = Elapsed time spent in this place.
 B = Non-inter-level travel time spent in this place.
 C = Inter-level travel time spent in this place.
 D = Time resting spent in this place.
 E = Time spent auto-exploring this place.
 F = Levels seen in this place.
 G = Mean time per level.
                   A        B        C        D        E       F      G
               +--------+--------+--------+--------+--------+-----+--------+
         Total |   5056 |   4875 |    181 |      0 |   3733 |   9 |  561.8 |
       Dungeon |   4852 |   4671 |    181 |      0 |   3594 |   8 |  606.5 |
         Sewer |    203 |    203 |      0 |      0 |    138 |   1 |  203.0 |
               +--------+--------+--------+--------+--------+-----+--------+

Top non-repeatable levels by time:
     D:2: 1107 daAuts
     D:5: 1032 daAuts
     D:1: 833 daAuts
     D:3: 812 daAuts
     D:4: 550 daAuts
     D:7: 362 daAuts
   Sewer: 203 daAuts
     D:6: 118 daAuts
     D:8: 35 daAuts
